 Dungeon Crawl Stone Soup version 0.21-a0-238-geb0acef (webtiles) character file.

112 Monsterracer the Slasher (level 4, 0/36 HPs)
             Began as a Barachi Gladiator on Sept 2, 2017.
             Was a Believer of Lugonu.
             Slain by an ice beast (13 damage)
             ... on level 3 of the Dungeon.
             The game lasted 00:03:31 (1841 turns).

Monsterracer the Slasher (Barachi Gladiator)        Turns: 1841, Time: 00:03:32

Health: 0/36       AC:  7    Str: 17    XL:     4   Next: 95%
Magic:  13/13      EV: 13    Int:  8    God:    Lugonu [**....]
Gold:   97         SH:  0    Dex: 13    Spells: 3/3 levels left

rFire    . . .     SeeInvis .   a - +0 long sword
rCold    . . .     Gourm    .   (no shield)
rNeg     . . .     Faith    .   o - +3 leather armour
rPois    .         Spirit   .   c - +0 helmet
rElec    .         Reflect  .   (no cloak)
rCorr    .         Harm     .   (no gloves)
MR       .....                  (no boots)
Stlth    +.........             (no amulet)
HPRegen  0.12/turn              e - ring of magical power
MPRegen  0.13/turn              (no ring)

@: slow
A: +LOS, swims, slowness 1, strong legs 1
a: Hop, Depart the Abyss, Bend Space, Renounce Religion


You were on level 3 of the Dungeon.
You worshipped Lugonu.
Lugonu was pleased with you.
You were not hungry.

You visited 1 branch of the dungeon, and saw 3 of its levels.

You collected 97 gold pieces.

Inventory:

Hand Weapons
 a - a +0 long sword (weapon)
Missiles
 d - 3 throwing nets (quivered)
Armour
 c - a +0 helmet (worn)
 k - a +0 chain mail
 o - a +3 leather armour (worn)
Jewellery
 e - a ring of magical power (left hand)
Scrolls
 i - a scroll of amnesia
Potions
 b - a potion of brilliance {unknown}
 g - a potion of curing {unknown}
 m - a potion of cancellation {unknown}
 n - 2 potions of heal wounds
Comestibles
 f - 2 bread rations
 h - a royal jelly


   Skills:
 * Level 3.6 Fighting
 * Level 4.6 Long Blades
 - Level 2.0 Throwing
 + Level 2.1 Armour
 + Level 4.0 Dodging
 + Level 0.6 Invocations


You had 3 spell levels left.
You didn't know any spells.

Dungeon Overview and Level Annotations

Branches:
Dungeon (3/15)

Altars:
Lugonu


Innate Abilities, Weirdness & Mutations

Shadows flee at your approach. (+LOS)
You can swim through water.
You cover ground slowly.
You can hop short distances.


Message History

Lugonu accepts your kill.
No target in view!
No target in view!
Things that are here:
a short sword; 2 stones
Found a stone staircase leading down.
A ball python and an ice beast come into view.
There are monsters nearby!
Found a bread ration.
The ball python hisses angrily.
You see here a giant cockroach corpse.
The ice beast hits you. The ice beast freezes you!
Huge Dmg: -36%(-13hp) hp: 64%(23hp)
The ice beast hits you. The ice beast freezes you.
* * * LOW HITPOINT WARNING * * *
Huge Dmg: -14%(-5hp) hp: 50%(18hp)
The ice beast hits you.
* * * LOW HITPOINT WARNING * * *
The ice beast freezes you!
You die...

#...####.####.####.....%.
.......)S..........>.....
#...#.##†#########.......
# # #.#####.# ######
#(......# #######.#
#..<#.# #.###S###
#..@Y..(# #...#.#.#
#.#.#.#.# #.#.#.#.#
#.#.#.#.# #.....#.#
###.###.# #.# #.# #.# #.#


You could see an ice beast and a ball python.

Vanquished Creatures
  A crimson imp (D:3)
  3 adders (D:2)
  An ooze (D:2)
  2 worms
  A dart slug (D:2)
  A leopard gecko (D:2)
  An orc (D:3)
  4 giant cockroaches
  6 goblins
  5 hobgoblins
  3 kobolds
  7 bats
  2 frilled lizards (D:2)
  2 rats
39 creatures vanquished.

Notes
Turn   | Place    | Note
-------+----------+-------------------------------------------
     0 | D:1      | Monsterracer the Barachi Gladiator began the quest for the Orb.
     0 | D:1      | Reached XP level 1. HP: 17/17 MP: 1/1
   187 | D:1      | Reached XP level 2. HP: 23/23 MP: 2/2
   748 | D:2      | Reached skill level 1 in Armour
   749 | D:2      | Found a faded altar of an unknown god.
   777 | D:2      | Became a worshipper of Lugonu the Unformed
   777 | D:2      | Reached * piety under Lugonu
   777 | D:2      | Reached ** piety under Lugonu
   942 | D:2      | Reached XP level 3. HP: 28/28 MP: 3/3
  1117 | D:2      | HP: 14/29 [poisoned by an adder]
  1123 | D:2      | HP: 8/29 [poisoned by an adder]
  1549 | D:2      | Reached XP level 4. HP: 35/35 MP: 4/4
  1820 | D:3      | Noticed an ice beast
  1836 | D:3      | HP: 18/36 [ice beast (5)]
  1841 | D:3      | HP: 13/36 [ice beast (5)]
  1841 | D:3      | Slain by an ice beast

Vault maps used:
D:1:      wheals_arrival_linesprint, due_unseen_surprise
D:2:      chequers_ecumenical_altar_simple
D:3:      corexii_shack_village, okawaru_trees_1, uniq_sigmund

Skill      XL: |  1  2  3  4 |
---------------+-------------+-----
Armour         | 1 2 |  2.1
Long Blades    | 4 |  4.6
Fighting       | 3 |  3.6
Dodging        | 4 |  4.0
Throwing       | |  2.0
Invocations    | |  0.6

Action                   |  1- 3 |  4- 6 || total
-------------------------+-------+-------++-------
Melee: Long sword        |    76 |    44 ||   120
 Abil: Hop               |     1 |       ||     1
  Use: Scroll            |       |     5 ||     5
  Eat: Chunk             |     2 |     2 ||     4
Armor: Leather armour    |    11 |    16 ||    27
       Chain mail        |    36 |       ||    36
Dodge: Dodged            |    43 |    37 ||    80
       Rpst.: Long sword |    13 |    10 ||    23

Table legend:
 A = Spawn XP
 B = Non-spawn XP
 C = Spawn XP percentage of total XP
 D = Spawn monster count
 E = Non-spawn monster count
 F = Spawn count percentage of total count
 G = Total turns spent on level
                    A         B        C        D         E        F      G
               +---------+---------+-------+---------+---------+-------+---------
         Total |      21 |     140 |  13.0 |       7 |      32 |  17.9 |  1841
               +---------+---------+-------+---------+---------+-------+---------
           D:1 |       1 |      17 |   5.6 |       1 |      10 |   9.1 |   737
           D:2 |      20 |      57 |  26.0 |       6 |      13 |  31.6 |   975
           D:3 |       0 |      66 |   0.0 |       0 |       9 |   0.0 |   129
               +---------+---------+-------+---------+---------+-------+---------
